 Dungeon Crawl Stone Soup version 0.26.1-11-gd32895ea62 (webtiles) character file.

Game seed: 3328238884914356136

51 vvl the Ducker (level 3, 0/16 HPs)
             Began as a Spriggan Venom Mage on June 18, 2021.
             Slain by a worm (11 damage)
             ... on level 2 of the Dungeon.
             The game lasted 00:04:15 (2025 turns).

vvl the Ducker (Spriggan Venom Mage)                Turns: 2025, Time: 00:04:15

Health: 0/16       AC:  2    Str:  4    XL:     3   Next: 57%
Magic:  2/8        EV: 19    Int: 17    God:
Gold:   57         SH:  0    Dex: 16    Spells: 7/8 levels left

rFire    . . .     SeeInvis +   h - +0 dagger
rCold    . . .     Faith    .   (shield restricted)
rNeg     . . .     Spirit   .   a - +0 robe
rPois    .         Reflect  .   (helmet restricted)
rElec    .         Harm     .   (no cloak)
rCorr    .         Rampage  .   (gloves unavailable)
Will     .....                  (boots unavailable)
Stlth    +++.......             (no amulet)
HPRegen  0.05/turn              (no ring)
MPRegen  0.11/turn              (no ring)

@: very slightly contaminated, very quick
A: very small, unfitting armour, see invisible, speed 3
a: no special abilities


You were on level 2 of the Dungeon.
You visited 1 branch of the dungeon, and saw 2 of its levels.

You collected 57 gold pieces.

Inventory:

Hand Weapons
 h - a +0 dagger (weapon)
Armour
 a - a +0 robe (worn)
Scrolls
 b - a scroll of teleportation {unknown}
 c - a scroll of magic mapping {unknown}
 d - a scroll of remove curse {unknown}
 e - a scroll of blinking {unknown}
 f - a scroll of enchant weapon {unknown}
Potions
 g - a potion of curing {unknown}


   Skills:
 + Level 3.6 Dodging
 + Level 3.6 Stealth
 + Level 3.2 Spellcasting
 + Level 2.3 Transmutations
 + Level 3.2 Poison Magic
 + Level 1.4 Evocations


You had 7 spell levels left.
You knew the following spells:

 Your Spells              Type           Power        Failure   Level
a - Sting                 Tmut/Pois      48%          5%          1

Your spell library contained the following spells:

 Spells                   Type           Power        Failure   Level
 Poisonous Vapours        Pois/Air       16%          13%         2
 Ignite Poison            Fire/Tmut/Pois 9%           24%         3
 Mephitic Cloud           Conj/Pois/Air  6%           32%         3
 Olgreb's Toxic Radiance  Pois           13%          41%         4


Dungeon Overview and Level Annotations

Branches:
Dungeon (2/15)

Altars:


Innate Abilities, Weirdness & Mutations

You are very small and have problems with some larger weapons.
You are too small for most types of armour.
You have supernaturally acute eyesight. (SInv)
You cover ground extremely quickly.


Message History

Done waiting.
You climb downwards.
The worm bites you but does no damage.
There is a stone staircase leading up, spattered with blood here.
The sting hits the worm.
The worm is poisoned.
The worm is moderately wounded.
The worm misses you.
The sting hits the worm.
The worm looks even sicker.
The worm is moderately wounded.
The sting misses the worm.
The worm bites you.
The sting hits the worm.
The worm looks even sicker.
The worm is moderately wounded.
The worm completely misses you.
You miscast Sting.
You are very lightly contaminated with residual magic.
Nothing appears to happen.
The sting hits the worm.
The worm looks as sick as possible!
The worm is severely wounded.
The worm bites you!
Ouch! That really hurt!
You die...

#........#
#........#
#........#
#........#
#.# #.##
#..# ##)#
#@# #w# .
#.#
#.####.##
#.......#
####...?####
##......##
#...##g.#
...........#


You could see a worm (extremely poisoned).

Vanquished Creatures
  2 adders
  An ooze (D:1)
  A dart slug (D:1)
  A leopard gecko (D:1)
  A bat (D:1)
  A giant cockroach (D:2)
  6 hobgoblins
  2 quokkas (D:2)
  A frilled lizard (D:2)
  5 goblins
  A kobold (D:2)
  2 rats
24 creatures vanquished.

Vanquished Creatures (others)
  A minotaur (D:1)
  An octopode (D:1)
  A gargoyle (D:1)
  A troll (D:1)
  A formicid (D:1)
  2 spriggans (D:1)
  A human (D:1)
  A naga (D:1)
  A dwarf (D:1)
  An ogre (D:1)
  A centaur (D:1)
  16 tentacles (D:1)
28 creatures vanquished.

Grand Total: 52 creatures vanquished

Notes
Turn   | Place    | Note
-------+----------+-------------------------------------------
     0 | D:1      | vvl the Spriggan Venom Mage began the quest for the Orb.
     0 | D:1      | Reached XP level 1. HP: 9/9 MP: 5/5
     0 | D:1      | Noticed a dwarf
     0 | D:1      | Noticed a naga
     0 | D:1      | Noticed a spriggan
     0 | D:1      | Noticed a spriggan
     0 | D:1      | Noticed a gargoyle
     0 | D:1      | Noticed a kraken
     0 | D:1      | Noticed a minotaur
     0 | D:1      | Noticed an octopode
     0 | D:1      | Noticed a human
     0 | D:1      | Noticed a centaur
     0 | D:1      | Noticed an ogre
     0 | D:1      | Noticed a troll
     0 | D:1      | Noticed a formicid
     3 | D:1      | Killed a centaur
     6 | D:1      | Killed a gargoyle
     7 | D:1      | Killed a spriggan
    13 | D:1      | Killed a minotaur
    13 | D:1      | Killed a dwarf
    14 | D:1      | Killed a naga
    14 | D:1      | Killed a troll
    14 | D:1      | Killed a human
    20 | D:1      | Killed an octopode
    20 | D:1      | Killed a formicid
    24 | D:1      | Killed an ogre
    29 | D:1      | Killed a spriggan
   206 | D:1      | Reached XP level 2. HP: 9/13 MP: 1/6
   779 | D:1      | Reached skill level 1 in Evocations
  1482 | D:2      | Reached XP level 3. HP: 14/16 MP: 6/8
  2025 | D:2      | Slain by a worm

Illustrated notes

Levels and vault maps discovered:
D:1:      nicolae_arrival_kraken_aquarium_a, layout_loops_ring
D:2:      layout_rooms, chequers_serial_rivers_large_b

Skill      XL: |  1  2 |
---------------+-------+-----
Spellcasting   | 3 |  3.2
Evocations     | 1 |  1.4
Transmutations | 2 |  2.3
Dodging        | |  3.6
Stealth        | |  3.6
Poison Magic   | |  3.2

Action                   || total
-------------------------++-------
Melee: Unarmed           ||     3
       Dagger            ||     9
 Cast: Sting             ||    50
Armor: Robe              ||     4
Dodge: Dodged            ||    23
